 Dungeon Crawl Stone Soup version 0.23-a0-81-g012e35b (webtiles) character file.

129 zb2018 the Conjurer (level 5, -5/31 HPs)
             Began as an Octopode Conjurer on Aug 12, 2018.
             Slain by Crazy Yiuf
             ... wielding a +4 quarterstaff of chaos
              (7 damage)
             ... on level 2 of the Dungeon.
             The game lasted 00:05:49 (1962 turns).

zb2018 the Conjurer (Octopode Conjurer)             Turns: 1962, Time: 00:05:50

Health: -5/31      AC:  1    Str:  7    XL:     5   Next: 12%
Magic:  2/8        EV: 13    Int: 18    God:
Gold:   98         SH:  0    Dex: 13    Spells: 2/8 levels left

rFire    . . .     SeeInvis .   b - +0 long sword
rCold    . . .     Gourm    .   (no shield)
rNeg     . . .     Faith    .   (helmet restricted)
rPois    .         Spirit   .   (no amulet)
rElec    .         Reflect  .   (no ring)
rCorr    .         Harm     .   (no ring)
MR       .....                  (no ring)
Stlth    +++.......             (no ring)
HPRegen  0.10/turn              (no ring)
MPRegen  0.11/turn              (no ring)
                                (no ring)
                                (no ring)

@: no status effects
A: almost no armour, stealthy swim, amphibious, 8 rings, constrict 8, camouflage
1, gelatinous body 1
a: no special abilities


You were on level 2 of the Dungeon.
You were not hungry.

You visited 1 branch of the dungeon, and saw 3 of its levels.

You collected 98 gold pieces.

Inventory:

Hand Weapons
 a - a +0 dagger
 b - a +0 long sword (weapon)
Missiles
 e - 78 stones (quivered)
Armour
 h - a cursed +0 buckler
Scrolls
 f - 5 scrolls of identify {unknown}
 j - a scroll of fear {unknown}
Potions
 c - a potion of flight {unknown}
 d - 2 potions of ambrosia {unknown}
 g - 2 potions of agility {unknown}
 i - a potion of berserk rage {unknown}
 k - a potion of curing {unknown}
 n - a potion of lignification {unknown}
Comestibles
 m - 4 rations


   Skills:
 + Level 2.1 Dodging
 + Level 3.0 Stealth
 * Level 2.4 Spellcasting
 * Level 5.9 Conjurations


You had 2 spell levels left.
You knew the following spells:

 Your Spells              Type           Power        Failure   Level  Hunger
a - Magic Dart            Conj           ###.         1%          1    #......
b - Searing Ray           Conj           ###...       2%          2    ##.....
c - Dazzling Spray        Conj/Hex       ##....       16%         3    ###....

Your spell library contained the following spells:

 Spells                   Type           Power        Failure   Level  Hunger
 Iskenderun's Mystic Bla  Conj           ###.....     16%         4    #####..
 Fulminant Prism          Conj/Hex       ##........   45%         4    #####..
 Force Lance              Conj/Tloc      ##......     45%         4    #####..


Dungeon Overview and Level Annotations

Branches:
Dungeon (3/15)

Altars:

Annotations:
D:2 Crazy Yiuf, Sigmund


Innate Abilities, Weirdness & Mutations

You cannot wear most types of armour.
You are very stealthy in the water. (Stealth+)
You are amphibious.
You can wear up to eight rings at the same time.
You can use your tentacles to constrict eight enemies at once.
Your skin changes colour to match your surroundings (Stealth+).
Your rubbery body absorbs attacks. (AC +1, EV +1)


Message History

(Press . to maintain the ray.)
The searing ray hits Crazy Yiuf.
Crazy Yiuf is heavily wounded.
The searing ray misses Crazy Yiuf.
The searing ray hits Crazy Yiuf.
Crazy Yiuf is almost dead.
You finish channeling your searing ray.
Crazy Yiuf hits you with a quarterstaff of chaos!
You are electrocuted!
Ouch! That really hurt!
* * * LOW HITPOINT WARNING * * *
Casting: Searing Ray (safe; 2% risk of failure)
Confirm with . or Enter, or press ? or * to list all spells.
Aiming: Magic Dart (safe; 1% risk of failure)
Press: ? - help, Shift-Dir - straight line, f/p - Crazy Yiuf
Aim: Crazy Yiuf, wielding a quarterstaff of chaos and wearing a cloak (almost dead)
The magic dart hits Crazy Yiuf.
Crazy Yiuf is almost dead.
Crazy Yiuf hits you with a quarterstaff of chaos!
You die...

### #.# ..## ###
#..## #### .#..#
#..# ##### .##.#
###.## #..)#
.##.###...# #...#
.##.#...### ...
.##.#.### #g#
..#.#.# ♣♣@♣
#.#.#.# ### ♣.♣♣
#...<.# #.# ♣♣.♣
#....## #.# ♣.♣♣
#....# #.# ♣♣.♣♣
#.#..## #.# ♣...♣♣
#.#...# #.# ♣....♣
..##..# ##.# ##..##
.###..###.>###....#


You could see Crazy Yiuf.

Vanquished Creatures
  Natasha (thrice) (D:2)
  An adder (D:2)
  A worm (D:3)
  2 dart slugs (D:1)
  8 bats
  A giant cockroach (D:1)
  3 hobgoblins
  4 jackals (D:3)
  8 kobolds
  2 frilled lizards
  2 goblins
  7 rats
42 creatures vanquished.

Notes
Turn   | Place    | Note
-------+----------+-------------------------------------------
     0 | D:1      | zb2018 the Octopode Conjurer began the quest for the Orb.
     0 | D:1      | Reached XP level 1. HP: 11/11 MP: 3/3
   203 | D:1      | Reached XP level 2. HP: 17/17 MP: 3/5
   207 | D:1      | Learned a level 2 spell: Searing Ray
   602 | D:2      | Noticed Natasha
   716 | D:1      | Reached XP level 3. HP: 20/21 MP: 2/6
   721 | D:1      | Learned a level 3 spell: Dazzling Spray
  1020 | D:2      | Killed Natasha
  1020 | D:2      | Reached skill level 5 in Conjurations
  1166 | D:2      | Reached XP level 4. HP: 27/27 MP: 5/7
  1346 | D:2      | Noticed Sigmund
  1468 | D:2      | Noticed Natasha
  1479 | D:2      | Killed Natasha
  1737 | D:2      | Noticed Natasha
  1747 | D:2      | Killed Natasha
  1747 | D:2      | Reached XP level 5. HP: 22/31 MP: 1/8
  1921 | D:2      | Found a runed door.
  1957 | D:2      | Noticed Crazy Yiuf
  1962 | D:2      | Slain by Crazy Yiuf

Vault maps used:
D:1:      lightli_arrival_windingriver, hex_large
D:2:      uniq_sigmund, uniq_crazy_yiuf_cottage, uniq_natasha
D:3:      grunt_ashenzari_visionary, uniq_grinder

Skill      XL: |  1  2  3 |
---------------+----------+-----
Conjurations   | 5 |  5.9
Stealth        | 3 |  3.0
Dodging        | |  2.1
Spellcasting   | |  2.4

Action                   |  1- 3 |  4- 6 || total
-------------------------+-------+-------++-------
Melee: Dagger            |     1 |     3 ||     4
       Constrict         |       |     2 ||     2
       Tentacles         |       |     1 ||     1
 Cast: Magic Dart        |    42 |    22 ||    64
       Searing Ray       |     1 |     4 ||     5
 Stab: Sleeping          |     1 |     2 ||     3
  Eat: Chunk             |     1 |     3 ||     4
Armor: Skin              |     4 |     2 ||     6
Dodge: Dodged            |    14 |     6 ||    20
       Rpst.: Long sword |       |     2 ||     2

Table legend:
 A = Non-vault XP
 B = Vault XP
 C = Vault XP percentage of total XP
 D = Non-vault monster count
 E = Vault monster count
 F = Vault count percentage of total count
 G = Total turns spent on level
                 A         B        C        D         E       F
            +---------+---------+-------+---------+---------+-------
      Total |     150 |      35 |  18.9 |      41 |       1 |   2.4
            +---------+---------+-------+---------+---------+-------
        D:1 |      35 |       0 |   0.0 |      21 |       0 |   0.0
        D:2 |     100 |      35 |  25.9 |      14 |       1 |   6.7
        D:3 |      15 |       0 |   0.0 |       6 |       0 |   0.0
            +---------+---------+-------+---------+---------+-------
